 Dungeon Crawl Stone Soup version 0.25-a0-583-g696c2ac64d (webtiles) character file.

Game seed: 9144263209227116337, levelgen mode: deterministic

1239 Kohma the Insei (level 8, -3/60 HPs)
             Began as a Gnoll Transmuter on Mar 8, 2020.
             Slain by Duvessa
             ... wielding a +0 short sword
              (9 damage)
             ... on level 6 of the Dungeon.
             The game lasted 00:11:26 (5205 turns).

Kohma the Insei (Gnoll Transmuter)                  Turns: 5205, Time: 00:11:26

Health: -3/60      AC:  2    Str: 13    XL:     8   Next: 49%
Magic:  17/17      EV: 25    Int: 18    God:
Gold:   350        SH:  0    Dex: 20    Spells: 9/19 levels left

rFire    . . .     SeeInvis .     - Unarmed
rCold    . . .     Gourm    .   (shield currently unavailable)
rNeg     . . .     Faith    .   (armour currently unavailable)
rPois    x         Spirit   .   (helmet currently unavailable)
rElec    .         Reflect  .   (cloak currently unavailable)
rCorr    .         Harm     .   (gloves currently unavailable)
MR       .....                  (boots currently unavailable)
Stlth    +++.......             (no amulet)
HPRegen  0.20/turn              (no ring)
MPRegen  0.15/turn              (no ring)

@: mighty, spider-form (expiring)
A: tiny, distributed training, strong nose
a: End Transformation


You were on level 6 of the Dungeon.
You were hungry.
You were a venomous arachnid creature.
You visited 1 branch of the dungeon, and saw 6 of its levels.

You collected 350 gold pieces.

Inventory:

Hand Weapons
 e - a +2 dagger of venom
 m - a cursed +0 dagger
 y - a +6 mace of protection
Missiles
 a - 81 arrows
 g - 50 bolts
 i - 64 sling bullets
 v - 6 poisoned darts (quivered)
 C - 3 throwing nets
Armour
 b - a +0 robe (melded)
 k - a +1 cloak (melded)
 x - a +0 helmet (melded)
Jewellery
 u - an uncursed ring of fire {unknown}
Scrolls
 n - 2 scrolls of remove curse
 q - a scroll of magic mapping
 D - a scroll of teleportation
Potions
 c - a potion of mutation
 f - a potion of berserk rage
 h - 2 potions of brilliance
 j - a potion of curing {unknown}
 l - 2 potions of invisibility
 o - a potion of haste {unknown}
 p - a potion of might
 r - a potion of stabbing {unknown}
 s - 3 potions of flight
 t - a potion of magic {unknown}
 z - a potion of lignification {unknown}
 A - a potion of degeneration {unknown}
 B - a potion of heal wounds
Comestibles
 d - 11 rations


   Skills:
 + Level 4.2 Fighting
 + Level 3.2 Short Blades
 + Level 3.2 Long Blades
 + Level 3.2 Axes
 + Level 3.2 Maces & Flails
 + Level 3.2 Polearms
 + Level 3.2 Staves
 + Level 3.2 Slings
 + Level 3.2 Bows
 + Level 3.2 Crossbows
 + Level 3.2 Throwing
 + Level 3.2 Armour
 + Level 5.6 Dodging
 + Level 3.2 Stealth
 + Level 3.2 Shields
 + Level 7.3 Unarmed Combat
 + Level 6.0 Spellcasting
 + Level 2.6 Conjurations
 + Level 2.6 Hexes
 + Level 2.6 Charms
 + Level 2.6 Summonings
 + Level 2.6 Necromancy
 + Level 2.6 Translocations
 + Level 4.7 Transmutations
 + Level 2.6 Fire Magic
 + Level 2.6 Ice Magic
 + Level 2.6 Air Magic
 + Level 2.6 Earth Magic
 + Level 2.6 Poison Magic
 + Level 3.5 Invocations
 + Level 3.2 Evocations


You had 9 spell levels left.
You knew the following spells:

 Your Spells              Type           Power        Failure   Level  Hunger
a - Beastly Appendage     Tmut           ###...       8%          1    None
b - Sticks to Snakes      Tmut           ###.....     10%         2    None
c - Spider Form           Tmut/Pois      ###.......   21%         3    ##.....
d - Ice Form              Ice/Tmut       ###.....     47%         4    ####...

Your spell library contained the following spells:

 Spells                   Type           Power        Failure   Level  Hunger
 Animate Skeleton         Necr           N/A          13%         1    None
 Pain                     Necr           ###.         13%         1    None
 Vampiric Draining        Necr           ###.......   28%         3    ##.....
 Animate Dead             Necr           N/A          58%         4    ####...
 Blade Hands              Tmut           ###.......   65%         5    #####..
 Agony                    Necr           ###.....     88%         5    #####..


Dungeon Overview and Level Annotations

Branches:
Dungeon (6/15)
 Temple: D:4-7

Altars:
Ashenzari
Beogh

Annotations:
D:6 Duvessa


Innate Abilities, Weirdness & Mutations

Your experience applies equally to all skills.
((You have very sharp teeth.))
Your uncanny sense of smell can sniff out nearby items.


Message History

Duvessa hits you with a +0 short sword.
* * * LOW HITPOINT WARNING * * *
Duvessa completely misses you.
You feel very mighty all of a sudden. Duvessa hits you with a +0 short sword.
* * * LOW HITPOINT WARNING * * *
You bite Duvessa!
Duvessa looks as sick as possible!
Duvessa is heavily wounded.
Duvessa closely misses you.
You hit Duvessa but do no damage.
Duvessa looks as sick as possible!
Duvessa is heavily wounded.
Your transformation is almost over.
Duvessa misses you. x2
You hit Duvessa but do no damage.
Duvessa looks as sick as possible!
Duvessa is heavily wounded.
Duvessa misses you.
You hit Duvessa.
Duvessa looks as sick as possible!
Duvessa is severely wounded.
Duvessa hits you with a +0 short sword!
You die...

#.#).)#..#..#.#
#.#..##..#....#
#.#......#.##.#
#.....#..#.##.#
#.....#..#.##.#
##.#...#≈≈#..#.#
#..#...####....#
#..#...# #..#.#
#.s#...# #.##.#
#)e#.... #....#
#..#)#... #.####
#..########.#
#...........######
#.##.##.#........#
#. ##.#####.## ##
..........#
#########...


You could see Duvessa (berserk).

Vanquished Creatures
  Edmund (D:6)
  A sky beast (D:5)
  2 ogres
  A centaur (D:5)
  A wyvern skeleton (D:6)
  A scorpion (D:4)
  Dowan (D:6)
  2 howler monkeys (D:6)
  2 orc priests (D:3)
  A hound (D:6)
  An orc wizard (D:3)
  Terence (D:2)
  Natasha (twice) (D:4)
  4 worker ants
  A hound skeleton (D:6)
  Robin (D:4)
  7 gnolls
  10 adders
  An ooze (D:1)
  An adder skeleton (D:4)
  2 dart slugs
  A leopard gecko (D:4)
  6 orcs
  2 ball pythons (D:5)
  3 giant cockroaches
  12 goblins
  6 hobgoblins
  3 jackals (D:6)
  2 quokkas
  10 bats
  7 frilled lizards
  12 kobolds
  2 leopard gecko skeletons
  10 rats
120 creatures vanquished.

Vanquished Creatures (collateral kills)
  A worm (D:2)
1 creature vanquished.

Grand Total: 121 creatures vanquished

Notes
Turn   | Place    | Note
-------+----------+-------------------------------------------
     0 | D:1      | Kohma the Gnoll Transmuter began the quest for the Orb.
     0 | D:1      | Reached XP level 1. HP: 17/17 MP: 6/6
    55 | D:1      | Reached XP level 2. HP: 3/23 MP: 5/7
    62 | D:1      | Learned a level 2 spell: Sticks to Snakes
   728 | D:1      | Reached XP level 3. HP: 28/28 MP: 9/9
   730 | D:1      | Reached skill level 5 in Spellcasting
   777 | D:1      | Learned a level 3 spell: Spider Form
   907 | D:2      | Reached skill level 1 in Invocations
   988 | D:2      | Reached skill level 1 in Short Blades
   988 | D:2      | Reached skill level 1 in Long Blades
   988 | D:2      | Reached skill level 1 in Axes
   988 | D:2      | Reached skill level 1 in Maces & Flails
   988 | D:2      | Reached skill level 1 in Polearms
   988 | D:2      | Reached skill level 1 in Staves
   988 | D:2      | Reached skill level 1 in Slings
   988 | D:2      | Reached skill level 1 in Bows
   988 | D:2      | Reached skill level 1 in Crossbows
   988 | D:2      | Reached skill level 1 in Throwing
   988 | D:2      | Reached skill level 1 in Armour
   988 | D:2      | Reached skill level 1 in Stealth
   988 | D:2      | Reached skill level 1 in Shields
   988 | D:2      | Reached skill level 1 in Evocations
   988 | D:2      | Reached XP level 4. HP: 31/34 MP: 2/11
  1207 | D:2      | Reached skill level 1 in Conjurations
  1207 | D:2      | Reached skill level 1 in Hexes
  1207 | D:2      | Reached skill level 1 in Charms
  1207 | D:2      | Reached skill level 1 in Summonings
  1207 | D:2      | Reached skill level 1 in Necromancy
  1207 | D:2      | Reached skill level 1 in Translocations
  1207 | D:2      | Reached skill level 1 in Fire Magic
  1207 | D:2      | Reached skill level 1 in Ice Magic
  1207 | D:2      | Reached skill level 1 in Air Magic
  1207 | D:2      | Reached skill level 1 in Earth Magic
  1207 | D:2      | Reached skill level 1 in Poison Magic
  1312 | D:2      | Noticed Terence
  1319 | D:2      | Killed Terence
  1319 | D:2      | Reached XP level 5. HP: 36/40 MP: 8/12
  1326 | D:2      | Learned a level 4 spell: Ice Form
  1841 | D:3      | Found a roughly hewn altar of Beogh.
  1847 | D:3      | HP: 2/40 [orc priest/+0 mace (7)]
  2382 | D:3      | Reached XP level 6. HP: 33/47 MP: 9/13
  2851 | D:4      | Noticed Natasha
  2859 | D:4      | Killed Natasha
  2859 | D:4      | Reached skill level 5 in Dodging
  2908 | D:4      | HP: 2/47 [poisoned by a scorpion]
  2916 | D:4      | HP: 1/47 [poisoned by a scorpion]
  3229 | D:4      | Reached XP level 7. HP: 33/52 MP: 12/15
  3794 | D:4      | Noticed Natasha
  3803 | D:4      | Killed Natasha
  3803 | D:4      | Reached skill level 7 in Unarmed Combat
  3806 | D:4      | Noticed Robin
  3815 | D:4      | Killed Robin
  4147 | D:5      | Entered Level 5 of the Dungeon
  4331 | D:5      | Reached XP level 8. HP: 58/60 MP: 12/16
  4362 | D:5      | You fall into a shaft and drop 1 floor!
  4362 | D:6      | Found a shattered altar of Ashenzari.
  4938 | D:6      | Noticed Edmund
  4950 | D:6      | Killed Edmund
  5179 | D:6      | Noticed Dowan
  5181 | D:6      | Noticed Duvessa
  5189 | D:6      | Killed Dowan
  5205 | D:6      | Slain by Duvessa

Levels and vault maps discovered:
D:1:      lightli_iron_boxes, layout_rooms
D:2:      layout_basic, minmay_cupped, uniq_terence
D:3:      layout_loops_cross, minmay_hedge_maze, kennysheep_orc_chapel
D:4:      layout_layer_cave, first_ration, uniq_robin, uniq_natasha
D:5:      layout_rooms, kennysheep_mini_moat, hangedman_glass_teeth
D:6:      wander_river, layout_loops_ring, basic_altar,
          sigmund_edmund_badplayer, uniq_duvessa

Skill      XL: |  1  2  3  4  5  6  7  8 |
---------------+-------------------------+-----
Spellcasting   | 5 6 |  6.0
Invocations    | 1 2 3 |  3.5
Short Blades   | 1 2 3 |  3.2
Long Blades    | 1 2 3 |  3.2
Axes           | 1 2 3 |  3.2
Maces & Flails | 1 2 3 |  3.2
Polearms       | 1 2 3 |  3.2
Staves         | 1 2 3 |  3.2
Slings         | 1 2 3 |  3.2
Bows           | 1 2 3 |  3.2
Crossbows      | 1 2 3 |  3.2
Throwing       | 1 2 3 |  3.2
Armour         | 1 2 3 |  3.2
Stealth        | 1 2 3 |  3.2
Shields        | 1 2 3 |  3.2
Evocations     | 1 2 3 |  3.2
Conjurations   | 1 2 |  2.6
Hexes          | 1 2 |  2.6
Charms         | 1 2 |  2.6
Summonings     | 1 2 |  2.6
Necromancy     | 1 2 |  2.6
Translocations | 1 2 |  2.6
Fire Magic     | 1 2 |  2.6
Ice Magic      | 1 2 |  2.6
Air Magic      | 1 2 |  2.6
Earth Magic    | 1 2 |  2.6
Poison Magic   | 1 2 |  2.6
Fighting       | 3 4 |  4.2
Transmutations | 4 |  4.7
Dodging        | 5 |  5.6
Unarmed Combat | 7 |  7.3

Action                   |  1- 3 |  4- 6 |  7- 9 || total
-------------------------+-------+-------+-------++-------
Melee: Unarmed           |    70 |   122 |   148 ||   340
       Headbutt          |     2 |       |       ||     2
       Bite              |     4 |     7 |     4 ||    15
       Punch             |     2 |     2 |       ||     4
 Cast: Beastly Appendage |     7 |       |       ||     7
       Sticks to Snakes  |     3 |       |       ||     3
       Spider Form       |     1 |    15 |    16 ||    32
  Use: Scroll            |       |     6 |     7 ||    13
       Potion            |       |       |     1 ||     1
 Stab: Sleeping          |     1 |     3 |     3 ||     7
  Eat: Chunk             |       |     7 |     8 ||    15
Armor: Robe              |    17 |    14 |     3 ||    34
       Skin              |       |     2 |     4 ||     6
Dodge: Dodged            |    74 |    98 |   151 ||   323

Table legend:
 A = Non-vault XP
 B = Vault XP
 C = Vault XP percentage of total XP
 D = Non-vault monster count
 E = Vault monster count
 F = Vault count percentage of total count
                 A         B        C        D         E       F
            +---------+---------+-------+---------+---------+-------
      Total |    1339 |     432 |  24.4 |      99 |      22 |  18.2
            +---------+---------+-------+---------+---------+-------
        D:1 |      39 |       0 |   0.0 |      21 |       0 |   0.0
        D:2 |      86 |      53 |  38.1 |      21 |       5 |  19.2
        D:3 |     144 |      84 |  36.8 |      21 |       3 |  12.5
        D:4 |     320 |      69 |  17.7 |      12 |      12 |  50.0
        D:5 |     415 |       0 |   0.0 |      10 |       0 |   0.0
        D:6 |     335 |     226 |  40.3 |      14 |       2 |  12.5
            +---------+---------+-------+---------+---------+-------
